 Dungeon Crawl Stone Soup version 0.29-a0-892-g2c4c91d9db (webtiles) character file.

Game seed: 12655028197739903606

52 jimonade the Shooter (level 4, -8/34 HPs)
             Began as a Formicid Hunter on July 23, 2022.
             Mangled by Terence
             ... wielding a +0 morningstar
              (10 damage)
             ... on level 3 of the Dungeon.
             The game lasted 00:02:17 (1446 turns).

jimonade the Shooter (Formicid Hunter)              Turns: 1446, Time: 00:02:18

Health: -8/34      AC:  7    Str: 13 (15) XL:     4   Next: 8%
Magic:  4/4        EV:  9    Int:  9 (11) God:
Gold:   89         SH:  0    Dex: 16 (17) Spells: 3/3 levels left

rFire   . . .      SeeInvis +   a - +0 shortbow
rCold   . . .      Faith    .   (no shield)
rNeg    . . .      Spirit   .   h - +0 scale mail {rPois}
rPois   +          Reflect  .   (helmet unavailable)
rElec   .          Harm     .   (no cloak)
rCorr   .          Rampage  .   (no gloves)
Will    .....                   j - +0 pair of boots
Stlth   ..........              (no amulet)
HPRegen 0.11/turn               (no ring)
MPRegen 0.09/turn               (no ring)

@: no status effects
A: permanent stasis, dig shafts and tunnels, antennae 3, four strong arms
a: Dig, Shaft Self


You were on level 3 of the Dungeon.
You visited 1 branch of the dungeon, and saw 3 of its levels.

You collected 89 gold pieces.

Inventory:

Hand Weapons
 a - a +0 shortbow (weapon)
 d - a +0 long sword
Armour
 c - a +0 leather armour
 h - a +0 scale mail of poison resistance (worn)
 j - a +0 pair of boots (worn)
Scrolls
 b - a scroll of immolation
 f - 2 scrolls of enchant weapon {unknown}
 i - 2 scrolls of teleportation {unknown}
 k - 3 scrolls of identify {unknown}
 l - a scroll of acquirement {unknown}
Potions
 g - 2 potions of curing {unknown}
 m - a potion of attraction {unknown}


   Skills:
 + Level 2.3 Fighting
 + Level 5.2 Ranged Weapons
 + Level 0.5 Armour
 + Level 1.8 Dodging
 - Level 1.2 Stealth


You had 3 spell levels left.
You didn't know any spells.
Your spell library contained the following spells:

 Spells                   Type           Power      Damage    Failure   Level
 Iskenderun's Battlesphe  Conj           0%         2d6       100%        5
 Iron Shot                Conj/Erth      0%         9d1       100%        6
 Spellforged Servitor     Conj/Summ      0%         N/A       100%        7


Dungeon Overview and Level Annotations

Branches:
Dungeon (3/15)

Altars:

Annotations:
D:2 exclusion: downstairs
D:3 Terence


Innate Abilities, Weirdness & Mutations

You cannot be hasted, slowed, berserked, paralysed or teleported.
You can dig through walls and to a lower floor.
You have a pair of large antennae on your head. (SInv)
Your four strong arms can wield two-handed weapons with a shield.


Message History

Found 5 gold pieces.
Terence shouts!
You hear an angry hiss.
You shoot an arrow. The arrow barely misses Terence.
Terence barely misses you. Terence misses you.
You shoot an arrow. The arrow barely misses Terence.
A ball python comes into view.
Terence hits you with a +0 morningstar!
You shoot an arrow. The arrow barely misses Terence.
Terence closely misses you.
You shoot an arrow. The arrow barely misses Terence.
The arrow hits the ball python.
The ball python is heavily wounded.
Terence hits you but does no damage. Terence hits you with a +0 morningstar!
You shoot an arrow. The arrow closely misses Terence.
The arrow hits the ball python.
You kill the ball python!
Terence barely misses you. Terence completely misses you.
You shoot an arrow. The arrow hits Terence.
Terence is lightly wounded.
Terence misses you.
You shoot an arrow. The arrow hits Terence!
Terence is heavily wounded.
Terence barely misses you.
You shoot an arrow. The arrow hits Terence.
Terence is severely wounded.
Terence hits you with a +0 morningstar!
* * * LOW HITPOINT WARNING * * *
Terence hits you with a +0 morningstar!
* * * LOW HITPOINT WARNING * * *
You are too injured to fight recklessly!
You are too injured to fight recklessly!
You are too injured to fight recklessly!
You are too injured to fight recklessly!
You are too injured to fight recklessly!
Unknown command.
It was a potion of degeneration.
There was something very wrong with that liquid.
You feel weakened.
You feel dopey.
You feel clumsy. Terence hits you with a +0 morningstar!
You die...

. ..... . .....
{ ...... ......
......###
.....†..#######
......@......$.
#@# #.#
#.#######.#
#..<......#
###########


You could see Terence.

Vanquished Creatures
  An adder (D:2)
  A dart slug (D:1)
  3 endoplasms
  A giant cockroach (D:2)
  4 goblins
  5 hobgoblins
  2 jackals (D:2)
  4 kobolds
  3 quokkas (D:2)
  4 ball pythons
  A bat (D:2)
  2 frilled lizards (D:1)
  5 rats
36 creatures vanquished.

Notes
Turn   | Place    | Note
-------+----------+-------------------------------------------
     0 | D:1      | jimonade the Formicid Hunter began the quest for the Orb.
     0 | D:1      | Reached XP level 1. HP: 16/16 MP: 1/1
    89 | D:1      | Found a faded altar of an unknown god.
   160 | D:1      | Reached XP level 2. HP: 22/22 MP: 2/2
  1025 | D:2      | Reached XP level 3. HP: 28/28 MP: 3/3
  1148 | D:2      | Reached skill level 5 in Ranged Weapons
  1232 | D:2      | Reached XP level 4. HP: 34/34 MP: 4/4
  1412 | D:3      | Noticed a scorpion
  1437 | D:3      | Noticed Terence
  1446 | D:3      | Mangled by Terence

Illustrated notes

Levels and vault maps discovered:
D:1:      dpeg_arrival_signposts, layout_basic,
          hellmonk_ecumenical_altar_arch_garden, palyth_stone_intersect
D:2:      layout_rooms
D:3:      layout_loops_ring, tgw_kikubaaqudgha, mainiacjoe_overflow_alcove_2,
          uniq_terence

Skill      XL: |  1  2  3 |
---------------+----------+-----
Ranged Weapons | 5 |  5.2
Fighting       | |  2.3
Armour         | |  0.5
Dodging        | |  1.8
Stealth        | |  1.2

Action                   |  1- 3 |  4- 6 || total
-------------------------+-------+-------++-------
 Fire: Shortbow          |    96 |    14 ||   110
  Use: Potion            |       |     1 ||     1
Armor: Leather armour    |     2 |       ||     2
       Scale mail        |     5 |     1 ||     6
Dodge: Dodged            |    19 |     7 ||    26

Table legend: (Time is in decaauts)
 A = Elapsed time spent in this place.
 B = Non-inter-level travel time spent in this place.
 C = Inter-level travel time spent in this place.
 D = Time resting spent in this place.
 E = Time spent auto-exploring this place.
 F = Levels seen in this place.
 G = Mean time per level.
                   A        B        C        D        E       F      G
               +--------+--------+--------+--------+--------+-----+--------+
         Total |   1489 |   1460 |     29 |      0 |   1171 |   3 |  496.3 |
       Dungeon |   1489 |   1460 |     29 |      0 |   1171 |   3 |  496.3 |
               +--------+--------+--------+--------+--------+-----+--------+

Top non-repeatable levels by time:
     D:1: 1030 daAuts
     D:2: 430 daAuts
     D:3: 28 daAuts
